 Dungeon Crawl Stone Soup version 0.28.0 (webtiles) character file.

Game seed: 12615007733298511555

235 SnakkuSnakku7 the Chucker (level 6, 0/36 HPs)
             Began as a Tengu Enchanter on Feb 5, 2022.
             Was a Believer of Qazlal.
             Slain by Menkaure (19 damage)
             ... on level 4 of the Dungeon.
             The game lasted 00:03:47 (3262 turns).

SnakkuSnakku7 the Chucker (Tengu Enchanter)         Turns: 3262, Time: 00:03:48

Health: 0/36       AC:  8    Str: 10    XL:     6   Next: 5%
Magic:  10/10      EV:  5    Int: 15    God:    Qazlal [**....]
Gold:   163        SH:  3    Dex: 17    Spells: 9/9 levels left

rFire   + . .      SeeInvis .   m - +0 hand axe "Vooguem" {speed, rElec rF+ Dex+2}
rCold   . . .      Faith    .   (no shield)
rNeg    . . .      Spirit   .   j - +0 chain mail
rPois   .          Reflect  .   (helmet restricted)
rElec   +          Harm     .   (no cloak)
rCorr   .          Rampage  .   (no gloves)
Will    .....                   (boots unavailable)
Stlth   ..........              (no amulet)
HPRegen 0.12/turn               (no ring)
MPRegen 0.12/turn               (no ring)

@: flying quickly and evasively, quick
A: beak, talons 3, nimble flight
a: Renounce Religion, Upheaval


You were on level 4 of the Dungeon.
You worshipped Qazlal.
Qazlal was pleased with you.
You visited 1 branch of the dungeon, and saw 4 of its levels.

You collected 163 gold pieces.

Inventory:

Hand Weapons
 a - a +1 dagger
 m - the +0 hand axe "Vooguem" (weapon) {speed, rElec rF+ Dex+2}
   (You found it on level 2 of the Dungeon)

   Attacks with this weapon are significantly faster.
   Dex:       It affects your dexterity (+2).
   rF:        It protects you from fire.
   rElec:     It insulates you from electricity.
Missiles
 f - 4 poisoned darts (quivered)
Armour
 b - a +0 robe
 j - a +0 chain mail (worn)
Wands
 l - a wand of digging (1)
Scrolls
 d - 4 scrolls of teleportation {unknown}
 e - a scroll of magic mapping {unknown}
 g - 5 scrolls of enchant armour {unknown}
 h - 5 scrolls of identify {unknown}
 o - a scroll of fog {unknown}
 r - a scroll of vulnerability {unknown}
Potions
 c - a potion of invisibility
 i - a potion of lignification {unknown}
 k - 3 potions of heal wounds {unknown}
 n - 2 potions of ambrosia {unknown}
 p - 2 potions of attraction {unknown}
 q - a potion of flight {unknown}
 s - a potion of curing {unknown}


   Skills:
 - Level 2.6 Fighting
 - Level 1.1 Short Blades
 - Level 3.5 Throwing
 - Level 2.1 Dodging
 - Level 3.0 Stealth
 - Level 2.0 Spellcasting
 - Level 2.1 Hexes
 + Level 2.6 Invocations


You had 9 spell levels left.
You didn't know any spells.
Your spell library contained the following spells:

 Spells                   Type           Power      Damage    Failure   Level
 Blink                    Tloc           2%         N/A       100%        2
 Ensorcelled Hibernation  Hex/Ice        8%         N/A       100%        2
 Call Canine Familiar     Summ           1%         N/A       100%        3
 Confusing Touch          Hex            8%         N/A       100%        3
 Dazzling Flash           Conj/Hex       8%         N/A       100%        3
 Lesser Beckoning         Tloc           1%         N/A       100%        3
 Portal Projectile        Hex/Tloc       8%         N/A       100%        3
 Tukima's Dance           Hex            8%         N/A       100%        3
 Leda's Liquefaction      Hex/Erth       2%         N/A       100%        4
 Manifold Assault         Tloc           1%         N/A       100%        5


Dungeon Overview and Level Annotations

Branches:
Dungeon (4/15)             Temple (0/1) D:4

Altars:
Qazlal

Annotations:
D:4 Menkaure, Sigmund


Innate Abilities, Weirdness & Mutations

You have a beak for a mouth.
You have claws for feet.
Your magical nature lets you fly swiftly and evasively.


Message History

There is a staircase to the Ecumenical Temple here.
Sigmund the Dreaded comes into view.
He is wielding a +0 scythe and wearing a +2 robe of resistance.
You hear a shout!
Found a hand axe.
Sigmund points at you and mumbles some strange words.
You resist with some effort. Sigmund casts a spell at you.
The magic dart hits you.
Sigmund casts a spell.
Sigmund flickers and vanishes!
Deactivating autopickup; reactivate with Ctrl-A.
You see here a +0 dagger.
There is a stone staircase leading up here.
You fly upwards.
Reactivating autopickup.
There is a stone staircase leading down here.
There is a stone staircase leading up here.
There is a stone staircase leading down here.
You start resting.
HP restored.
You fly downwards.
You hear the sound of rushing water.
There is an entrance to a sewer on this level.
Hurry and find it before the portal rusts away!
Level annotation: Menkaure, Sigmund You hear the rusting of a drain.
There is a stone staircase leading up here.
Unknown command.
Menkaure shouts!
Found a hand axe.
You slash Menkaure! Your kick misses Menkaure.
Menkaure is moderately damaged.
Menkaure calls on the powers of darkness!
Your body is wracked with pain!
The worm convulses!
You hit Menkaure but do no damage. You claw Menkaure.
Menkaure is heavily damaged.
You closely miss Menkaure. You claw Menkaure.
Menkaure is heavily damaged.
Menkaure hits you!!
Ouch! That really hurt!
You die...

#########.
#.........
#........##+###
#.............#
#......$......###
#....w...<.......
#................
#.....§≈#########
##...≈@≈# #.
#....#M# #.#
#...≈≈≈# ..
#...≈#≈# #.#
#..≈≈≈≈# #..
#...≈#≈# #..
#...≈#≈# ###.w
#...) ≈≈ #....
#....


You could see Menkaure and a worm.

Vanquished Creatures
  A howler monkey (D:4)
  An orc priest (D:3)
  Terence (D:2)
  Robin (D:3)
  4 adders
  An ufetubus (D:4)
  2 worms (D:2)
  3 dart slugs
  3 orcs (D:3)
  2 bats
  5 endoplasms (D:3)
  3 giant cockroaches
  15 goblins
  8 hobgoblins
  4 jackals (D:1)
  5 kobolds
  A quokka (D:1)
  4 ball pythons
  4 frilled lizards
  7 rats
75 creatures vanquished.

Notes
Turn   | Place    | Note
-------+----------+-------------------------------------------
     0 | D:1      | SnakkuSnakku7 the Tengu Enchanter began the quest for the
                  | Orb.
     0 | D:1      | Reached XP level 1. HP: 10/10 MP: 4/4
    91 | D:1      | Reached skill level 1 in Fighting
   239 | D:1      | Reached XP level 2. HP: 1/16 MP: 6/6
   647 | D:1      | Found a faded altar of an unknown god.
   674 | D:1      | Prayed at the altar of an unknown god.
   674 | D:1      | Became a worshipper of Qazlal Stormbringer
   674 | D:1      | Reached * piety under Qazlal
  1176 | D:1      | Reached XP level 3. HP: 22/22 MP: 7/7
  1625 | D:2      | Reached skill level 1 in Throwing
  1832 | D:2      | Reached XP level 4. HP: 27/27 MP: 8/8
  1919 | D:2      | Noticed Terence
  1923 | D:2      | Killed Terence
  1924 | D:2      | Identified the +0 hand axe "Vooguem" {speed, rElec rF+
                  | Dex+2}
  2249 | D:3      | Noticed Robin
  2259 | D:3      | Reached ** piety under Qazlal
  2280 | D:3      | Killed Robin
  2281 | D:3      | Gained mutation: Your magical nature lets you fly swiftly
                  | and evasively. [Tengu growth]
  2281 | D:3      | Reached XP level 5. HP: 21/31 MP: 9/9
  2500 | D:3      | Reached skill level 1 in Invocations
  3024 | D:4      | Noticed Menkaure
  3060 | D:4      | Found a staircase to the Ecumenical Temple.
  3082 | D:4      | Reached XP level 6. HP: 33/36 MP: 10/10
  3152 | D:4      | Noticed Sigmund
  3262 | D:4      | Slain by Menkaure

Illustrated notes

Levels and vault maps discovered:
D:1:      nagdon_arrival_double_spiral, layout_basic,
          chequers_ecumenical_altar_twisty
D:2:      layout_rooms, lemuel_another_geyser, uniq_terence
D:3:      layout_loops_corners, minmay_cut_off, uniq_robin
D:4:      layout_basic, minmay_temple_entry_offerings,
          lightli_sewer_entry_pipes, minmay_misc_feat_rugged, uniq_menkaure,
          uniq_sigmund

Skill      XL: |  1  2  3  4  5 |
---------------+----------------+-----
Fighting       | 1 2 |  2.6
Throwing       | 1 3 |  3.5
Invocations    | 2 |  2.6
Short Blades   | |  1.1
Dodging        | |  2.1
Stealth        | |  3.0
Spellcasting   | |  2.0
Hexes          | |  2.1

Action                   |  1- 3 |  4- 6 || total
-------------------------+-------+-------++-------
Melee: Dagger            |    88 |     3 ||    91
       Kick              |    21 |    26 ||    47
       Peck              |    12 |    22 ||    34
       Hand axe          |       |   100 ||   100
       Punch             |       |     2 ||     2
Armor: Robe              |     9 |       ||     9
       Chain mail        |       |    54 ||    54
Dodge: Dodged            |    53 |    19 ||    72
Block: Other             |     4 |    10 ||    14
